[Event "FRA-ch Women 2018"]
[Site "Nimes"]
[Date "2018.08.23"]
[Round "6"]
[White "Guichard, Pauline"]
[Black "Safranska, Anda"]
[Result "1-0"]
[ECO "A04"]
[WhiteElo "2365"]
[BlackElo "2193"]
[Annotator "NA"]
[PlyCount "111"]
[EventDate "2018.08.18"]
[EventType "tourn"]
[EventCountry "FRA"]
[SourceTitle "playchess.com"]
[Source "ChessBase"]
[SourceQuality "1"]
[TimeControl "40/5400+30:1800+30"]

1. Nf3 g6 2. d4 Bg7 3. b3 Nf6 4. Bb2 O-O 5. g3 d6 6. Bg2 e5 7. dxe5 Ng4 8. O-O Nc6 9. c4 Ngxe5 10. Nxe5 dxe5 11. Nc3 {[%emt 0:01:18] LiveBook: 10 Games} Be6 {[%emt 0:00:34] A49: Königsindisch (ohne c2-c4)} 12. Bxc6 $146 ({Vorgänger:} 12. Qxd8 Rfxd8 13. Nd5 Rd7 14. Rfd1 Rad8 15. Bc3 f6 16. Rd2 Kf7 17. Rad1 Re8 18. Ne3 Rxd2 19. Rxd2 {1-0 (61) Rozum,I (2547)-Gogin,M (2220) St Petersburg 2015}) 12... bxc6 13. Qxd8 Rfxd8 14. Rfd1 f6 15. Ba3 Kf7 16. Na4 Re8 17. Bc5 a5 18. Rd2 Bh6 $11 19. e3 Red8 20. Rad1 Rxd2 21. Rxd2 Bg7 22. f3 h5 23. e4 Bh6 24. Rd1 Bg7 25. Kg2 Bh6 26. Bf2 Bf8 27. Be3 Ke8 28. Kf2 Rb8 29. Bd2 Ra8 30. Bc3 Kf7 31. Rd3 Bd6 32. Rd1 Be7 33. Ke3 Bd6 34. f4 exf4+ 35. gxf4 Bf8 36. e5 Bg4 37. Re1 fxe5 38. Bxe5 Re8 39. c5 Bh6 40. Ke4 Bf5+ 41. Kf3 Bg4+ 42. Kg3 Rd8 43. Nb2 Rd2 44. Nc4 Rxa2 45. Bxc7 Be2 46. Ne5+ Ke6 47. Nxg6 Kd5 48. Bd6 Bd3 49. Ne7+ Kd4 50. Nxc6+ Kc3 51. Ne5 Bf5 52. Nf3 Kd3 53. c6 Rc2 54. c7 Bg7 55. Re7 h4+ 56. Nxh4 1-0

[Event "FRA-ch Women 2018"]
[Site "Nimes"]
[Date "2018.08.23"]
[Round "6"]
[White "Afraoui, Anaelle"]
[Black "Leconte, Maria"]
[Result "0-1"]
[ECO "B15"]
[WhiteElo "2041"]
[BlackElo "2224"]
[Annotator "NA"]
[PlyCount "94"]
[EventDate "2018.08.18"]
[EventType "tourn"]
[EventCountry "FRA"]
[SourceTitle "playchess.com"]
[Source "ChessBase"]
[SourceQuality "1"]
[TimeControl "40/5400+30:1800+30"]

1. e4 c6 2. d4 d5 3. Nc3 dxe4 4. Nxe4 Nf6 5. Nxf6+ exf6 6. c3 Bd6 7. Bd3 O-O 8. Qc2 Re8+ 9. Be3 h5 10. Ne2 Nd7 11. O-O-O Nf8 $14 {[%emt 0:13:41] LiveBook: 12 Games} 12. Kb1 b5 13. Ng3 Qa5 14. Be4 Be6 15. d5 cxd5 16. Bxd5 b4 17. c4 Rac8 18. Bxe6 Rxe6 19. Rd5 Qa6 20. c5 g6 21. Rhd1 Be7 22. Qd2 Qb7 23. Ne2 Rec6 24. Rc1 Ne6 25. Rd7 R8c7 26. Rxc7 Rxc7 27. c6 Rxc6 28. Rxc6 Qxc6 29. g3 Bc5 30. Bxc5 Qxc5 31. Nc1 a5 32. Nb3 Qe5 33. Nc1 Kg7 34. f4 Qe4+ 35. Qd3 f5 36. Ka1 Nd4 37. h3 h4 38. gxh4 Qxf4 39. Kb1 Qxh4 40. a3 Qe4 41. axb4 axb4 42. Ka2 b3+ 43. Ka3 Qd5 44. Kb4 f4 45. Ne2 Nc6+ 46. Kc3 Qe5+ 47. Kxb3 Qxe2 0-1

[Event "FRA-ch Women 2018"]
[Site "Nimes"]
[Date "2018.08.24"]
[Round "7"]
[White "Leconte, Maria"]
[Black "Navrotescu, Andreea-Cristiana"]
[Result "1-0"]
[ECO "C48"]
[WhiteElo "2224"]
[BlackElo "2247"]
[Annotator "NA"]
[PlyCount "127"]
[EventDate "2018.08.18"]
[EventType "tourn"]
[EventCountry "FRA"]
[SourceTitle "playchess.com"]
[Source "ChessBase"]
[SourceQuality "1"]
[TimeControl "40/5400+30:1800+30"]

1. e4 e5 2. Nf3 Nc6 3. Nc3 Nf6 4. Bb5 Bd6 5. d3 a6 {[%emt 0:00:10] C48: Vierspringerspiel (Rubinstein-Variante)} 6. Bc4 (6. Ba4 b5 7. Bb3 Na5 8. d4 exd4 9. Qxd4 O-O 10. Bg5 Be7 11. e5 Ne8 12. Bxe7 Qxe7 13. Nd5 {½-½ (63) Hou,Y (2658)-Ponomariov,R (2686) Shenzhen 2018}) 6... h6 7. a3 b5 {[%emt 0:03:09] LiveBook: 4 Games} 8. Ba2 Bc5 9. Nxe5 $146 ({Vorgänger:} 9. O-O O-O 10. b4 Ba7 11. Bb2 d6 12. Nd5 Bg4 13. Nxf6+ Qxf6 {0-1 (50) Kirchner,M (1360)-Kieselmann,H (1524) Lieme 2007}) 9... Nxe5 10. d4 Bd6 11. f4 ({White should try} 11. dxe5 $14 Bxe5 12. Ne2) 11... Nc4 12. e5 O-O 13. O-O Be7 14. exf6 Bxf6 15. Bxc4 bxc4 16. Nd5 Bb7 17. Ne3 Qe7 18. c3 Qe4 19. Qg4 c5 20. d5 Bxd5 21. Nxd5 Qxd5 22. f5 Kh7 23. Rd1 Qe5 24. Qxc4 Qxf5 25. Be3 Rfe8 26. Bxc5 Re4 27. Bd4 Rae8 28. Rf1 Qg6 29. Rad1 Re2 30. Bf2 Rxb2 31. Rxd7 Ree2 32. Rxf7 Re4 33. Qd3 Be5 34. Bg3 Bxg3 $11 35. hxg3 Rb5 36. R7f4 Rbe5 37. c4 h5 38. Rxe4 Rxe4 39. c5 Kh6 40. Qd2+ Kh7 41. Rf4 Re5 42. Qc3 Rg5 43. Kh2 Qc6 44. Qc2+ Kg8 45. Rf5 Rg6 46. Rxh5 Rh6 47. g4 Qf6 48. Qc4+ Kf8 49. Qe4 Kg8 50. Qe8+ Kh7 51. Rxh6+ gxh6 52. Qe4+ Kg7 53. c6 Qd6+ 54. g3 Qxa3 55. Qe5+ Kg6 56. c7 Qa2+ 57. Kg1 Qb1+ 58. Kf2 Qc2+ 59. Ke3 Qc1+ 60. Kd4 Qd1+ 61. Kc5 Qxg4 62. Qe8+ Kf6 63. Qf8+ Ke5 64. Qe7+ {[%emt 0:00:54] Kd5+} 1-0

[Event "FRA-ch Women 2018"]
[Site "Nimes"]
[Date "2018.08.24"]
[Round "7"]
[White "Bollengier, Andreea"]
[Black "Milliet, Sophie"]
[Result "0-1"]
[ECO "A48"]
[WhiteElo "2219"]
[BlackElo "2389"]
[Annotator "NA"]
[PlyCount "50"]
[EventDate "2018.08.18"]
[EventType "tourn"]
[EventCountry "FRA"]
[SourceTitle "playchess.com"]
[Source "ChessBase"]
[SourceQuality "1"]
[TimeControl "40/5400+30:1800+30"]

1. d4 Nf6 2. Nf3 g6 3. Bg5 Bg7 4. Nbd2 O-O 5. e4 d5 6. exd5 Nxd5 7. Bc4 {[%emt 0:04:31] A48: 1 d4 Nf6 2 Nf3 g6: Torre, London and Colle Systems} (7. c3 c5 8. dxc5 h6 9. Bh4 Nf4 10. Nb3 Qc7 11. Bg3 Rd8 12. Nfd4 Qe5+ 13. Qe2 Qxd4 14. Nxd4 Nxe2 15. Bxe2 Bxd4 16. cxd4 {½-½ (88) Zeng,C (2542)-Bai,J (2586) Xinghua 2018}) 7... c5 {[%emt 0:09:33] LiveBook: 3 Games} 8. O-O (8. dxc5 $11 {remains equal.} Bxb2 9. O-O) 8... cxd4 9. Bxd5 Qxd5 10. Bxe7 Re8 11. Ba3 Nc6 12. Re1 $146 ({Predecessor:} 12. b3 Bf5 13. Nc4 Rad8 14. Re1 Rxe1+ 15. Nxe1 {0-1 (34) Leal,A-Sisniega,M (2420) Mexico City 1980}) 12... Bf5 13. h3 (13. Nf1 $17) 13... b5 14. b4 d3 15. cxd3 Qxd3 16. Nb3 $19 Bxa1 17. Qxa1 Rxe1+ 18. Qxe1 Rd8 19. Kh2 Qd6+ 20. g3 Qd3 21. Nh4 Be6 22. Bc1 Qd1 23. Qc3 Bd5 24. g4 Qh1+ 25. Kg3 Qg1+ 0-1

[Event "FRA-ch Women 2018"]
[Site "Nimes"]
[Date "2018.08.24"]
[Round "7"]
[White "Haussernot, Cecile"]
[Black "Afraoui, Anaelle"]
[Result "0-1"]
[ECO "B68"]
[WhiteElo "2198"]
[BlackElo "2041"]
[Annotator "NA"]
[PlyCount "68"]
[EventDate "2018.08.18"]
[EventType "tourn"]
[EventCountry "FRA"]
[SourceTitle "playchess.com"]
[Source "ChessBase"]
[SourceQuality "1"]
[TimeControl "40/5400+30:1800+30"]

1. e4 c5 2. Nf3 Nc6 3. d4 cxd4 4. Nxd4 Nf6 5. Nc3 d6 6. Bg5 e6 7. Qd2 Be7 8. O-O-O a6 9. f4 Bd7 10. Nf3 h6 11. Bh4 b5 {[%emt 0:04:28] B67: Sicilian: Richter-Rauzer: 7...a6 8 0-0-0 Bd7, lines without 9 f4 Be7} 12. Bd3 (12. Bxf6 gxf6 13. Kb1 Qb6 14. Bd3 O-O-O 15. Rhe1 Kb8 16. Ne2 Bc8 17. f5 Ne5 18. Nf4 Rhg8 19. fxe6 fxe6 {½-½ (34) Kraemer,M (2570)-Tazbir,M (2521) Germany 2017}) 12... b4 13. Ne2 Qa5 14. Kb1 Rd8 15. Nc1 $146 ({Predecessor:} 15. Rhe1 e5 16. Bf2 Be6 17. Nc1 exf4 18. Qxf4 O-O 19. Nb3 {0-1 (41) Rantala,J-Raisa,U (2260) Finland 1993}) 15... Qb6 16. Qe2 a5 17. g4 Na7 18. g5 hxg5 19. Bf2 $14 Qb8 20. Nxg5 Nb5 21. e5 dxe5 22. Nxf7 Kxf7 23. fxe5 Nd5 24. Qg4 Qxe5 25. Qg6+ Kg8 26. Bxb5 Bxb5 27. Bd4 Nf4 28. Qg1 Qg5 29. Qe3 Rh7 30. Rhg1 Qf5 31. Qg3 e5 32. Bb6 Rxd1 33. Rxd1 a4 34. Qe3 Rxh2 0-1

[Event "FRA-ch Women 2018"]
[Site "Nimes"]
[Date "2018.08.24"]
[Round "7"]
[White "Safranska, Anda"]
[Black "Benmesbah, Natacha"]
[Result "0-1"]
[ECO "B20"]
[WhiteElo "2193"]
[BlackElo "2255"]
[Annotator "NA"]
[PlyCount "90"]
[EventDate "2018.08.18"]
[EventType "tourn"]
[EventCountry "FRA"]
[SourceTitle "playchess.com"]
[Source "ChessBase"]
[SourceQuality "1"]
[TimeControl "40/5400+30:1800+30"]

1. e4 c5 2. g3 d5 3. exd5 Qxd5 4. Nf3 Bg4 5. Bg2 Nc6 6. h3 Qe6+ 7. Kf1 {[%emt 0:00:06] LiveBook: 194 Partien} Bh5 8. d3 Qd7 9. Na3 e5 {[%emt 0:09:24] B20: Sicilian: Unusual White 2nd moves} (9... f6 10. Be3 e6 11. Kg1 Bd6 12. Nc4 Nge7 13. Nfe5 Nxe5 14. Qxh5+ g6 15. Nxd6+ Qxd6 16. Qe2 Nd5 17. Bh6 {1-0 (28) Morozevich,A (2711)-Zvjaginsev,V (2660) Moscow 2015}) 10. Nxe5 $2 $146 (10. Bd2 $11) ({Predecessor:} 10. Be3 Nf6 11. Nc4 Bd6 12. g4 Bg6 13. Nh4 Be7 14. Nxg6 hxg6 15. Qf3 O-O 16. Re1 Rad8 17. Kg1 {0-1 (61) Arakhamia Grant,K (2347)-Bodnaruk,A (2460) Stary Smokovec 2018}) 10... Bxd1 11. Nxd7 Kxd7 12. g4 Nd4 13. c3 Nc2 14. Bxb7 Rb8 ({Worse is} 14... Nxa1 15. Bxa8 Nc2 16. Kg2 $11) 15. Nxc2 Rxb7 16. Ne1 Ba4 17. b3 Bc6 18. f3 Bd6 19. Kf2 Ne7 20. Ng2 Nd5 21. Bd2 Re8 22. Rab1 Kc8 23. Rhe1 Rbe7 24. Rxe7 Rxe7 25. a3 f6 26. b4 g5 27. c4 Nf4 28. Nxf4 Bxf4 29. Re1 Rxe1 30. Bxe1 Be5 31. b5 Bb7 32. a4 Kd7 33. Ke2 Ke6 $17 34. Bf2 Kd6 35. Be1 a6 36. Ke3 axb5 37. axb5 Bc8 38. Ke2 h5 39. Bd2 h4 40. Be3 Bd4 41. Bd2 Ke5 42. Bc1 Bb7 43. Bd2 Ke6 44. Bc1 Kf7 45. f4 f5 0-1

[Event "FRA-ch Women 2018"]
[Site "Nimes"]
[Date "2018.08.24"]
[Round "7"]
[White "Monpeurt, Cyrielle"]
[Black "Guichard, Pauline"]
[Result "0-1"]
[ECO "C24"]
[WhiteElo "2175"]
[BlackElo "2365"]
[Annotator "NA"]
[PlyCount "70"]
[EventDate "2018.08.18"]
[EventType "tourn"]
[EventCountry "FRA"]
[SourceTitle "playchess.com"]
[Source "ChessBase"]
[SourceQuality "1"]
[TimeControl "40/5400+30:1800+30"]

1. e4 e5 2. Bc4 Nf6 3. d3 Nc6 4. Nc3 Na5 5. Qf3 c6 {[%emt 0:06:59] C28: Vienna Game: 2...Nf6 3 Bc4 Nc6} (5... Nxc4 6. dxc4 Bb4 7. Nge2 d6 8. h3 Be6 9. b3 Nd7 10. O-O Bxc3 11. Nxc3 O-O 12. Qg3 f5 13. Bg5 {½-½ (33) Caruana,F (2822)-Aronian,L (2767) chess.com INT 2018}) 6. Nge2 b5 {[%emt 0:08:38] LiveBook: 6 Games} 7. Bb3 Bc5 8. h3 d6 9. Ng3 Nxb3 10. axb3 Be6 $146 ({Predecessor:} 10... h6 11. O-O O-O 12. Nce2 Re8 13. Nf5 Bxf5 14. Qxf5 {½-½ (41) Klek,H (2327)-Motycakova,M (2207) Stary Smokovec 2018}) 11. Nf5 Bxf5 12. Qxf5 Qd7 13. Qg5 O-O 14. O-O a5 15. Kh1 Ne8 16. f4 f6 $11 17. Qh4 Nc7 18. Ne2 d5 19. f5 Ne8 20. Ng3 Nd6 21. Bd2 a4 22. b4 Bd4 23. Ra2 dxe4 24. Nxe4 Nxf5 25. Qg4 g6 26. b3 Kh8 27. Qf3 Qe6 28. c3 Bb6 29. g4 Nh4 30. Qg3 g5 31. Raa1 axb3 32. Rxa8 Rxa8 33. Nxf6 b2 34. Nh5 b1=Q 35. Rxb1 Qd5+ 0-1

[Event "FRA-ch Women 2018"]
[Site "Nimes"]
[Date "2018.08.25"]
[Round "8"]
[White "Afraoui, Anaelle"]
[Black "Safranska, Anda"]
[Result "0-1"]
[ECO "B06"]
[WhiteElo "2041"]
[BlackElo "2193"]
[Annotator "NA RC"]
[PlyCount "110"]
[EventDate "2018.08.18"]
[EventType "tourn"]
[EventCountry "FRA"]
[SourceTitle "playchess.com"]
[Source "ChessBase"]
[SourceQuality "1"]
[TimeControl "40/5400+30:1800+30"]

1. e4 g6 2. d4 Bg7 3. Nc3 c6 4. Nf3 d6 5. Be3 b5 6. Bd3 Nd7 7. Qd2 a6 8. O-O e5 9. a4 b4 10. Ne2 a5 11. c3 bxc3 12. Nxc3 Ngf6 13. h3 O-O 14. Rfd1 Qe7 15. Rac1 Ba6 16. Bxa6 Rxa6 17. Qe2 Raa8 18. dxe5 dxe5 19. Nd2 Rfb8 20. Nc4 Nc5 21. Rd6 Nb3 22. Rcd1 Qc7 23. Qf3 Rb4 24. Bb6 Rxb6 25. Nxb6 Qxb6 26. Nb5 Nc5 27. Nc3 Ne6 28. Nd5 Nxd5 29. exd5 Nd4 30. Qe4 Qc5 31. Rd7 cxd5 32. Rxd5 Qa7 33. Rc1 Rb8 34. Rcc5 Qb6 35. Rxa5 Qxb2 36. Rd7 Ne2+ 37. Kh2 Nf4 38. Qc4 Ne6 39. f3 Qf2 40. Raa7 Rb2 41. Qg4 h5 42. Qg3 Qxg3+ 43. Kxg3 h4+ 44. Kh2 Bh6 45. Rab7 Ra2 46. Rb8+ Kg7 47. Rbb7 Bf4+ 48. Kg1 Ng5 49. Rb4 Bg3 50. Kf1 Ne6 51. Rbb7 Nf4 52. Rxf7+ Kh6 53. Rxf4 Bxf4 54. Ra7 Be3 55. Ra5 Bd4 0-1

[Event "FRA-ch Women 2018"]
[Site "Nimes"]
[Date "2018.08.26"]
[Round "9"]
[White "Guichard, Pauline"]
[Black "Benmesbah, Natacha"]
[Result "1-0"]
[ECO "A30"]
[WhiteElo "2365"]
[BlackElo "2255"]
[Annotator "NA"]
[PlyCount "67"]
[EventDate "2018.08.18"]
[EventType "tourn"]
[EventCountry "FRA"]
[SourceTitle "playchess.com"]
[Source "ChessBase"]
[SourceQuality "1"]
[TimeControl "40/5400+30:1800+30"]

1. Nf3 c5 2. c4 Nf6 3. g3 b6 4. Bg2 Bb7 5. Nc3 e6 6. d4 cxd4 7. Qxd4 Be7 8. O-O d6 9. Rd1 a6 10. b3 Nbd7 11. e4 Qc7 12. Ba3 {[%emt 0:01:34] A30: Englische Eröffnung (Symmetrische Variante)} Nc5 13. e5 {[%emt 0:01:11] LiveBook: 110 Games} dxe5 14. Qxe5 Rc8 (14... Qxe5 15. Nxe5 Bxg2 16. Kxg2 Rc8 17. Rd4 Ncd7 18. Nxd7 Nxd7 19. Rad1 Rc7 {1-0 (27) Edouard,R (2619)-Sarakauskas,G (2416) England 2018}) 15. Bc1 O-O 16. Qxc7 Rxc7 17. Bf4 Rcc8 18. Bd6 Bxd6 $146 ({Vorgänger:} 18... Rfe8 19. Bxe7 Rxe7 20. Ne5 Bxg2 21. Kxg2 g6 22. Rd6 Rb7 23. Rad1 Rcc7 24. Rd8+ {½-½ (41) Kljucharev,S (2375)-Siuniakov,I (2313) Kemerovo 2011}) 19. Rxd6 Rfd8 20. Rad1 Rxd6 21. Rxd6 Ncd7 22. Ne5 Bxg2 23. Nxd7 Nxd7 24. Kxg2 Rc7 25. Na4 b5 26. Nb6 Nf8 27. a4 bxc4 28. Nxc4 Ra7 29. b4 f6 (29... g5 $16) 30. b5 axb5 31. axb5 Rc7 32. Rc6 Rb7 (32... Rxc6 $142 33. bxc6 Ng6) 33. b6 Rb8 34. Rc7 $18 1-0

[Event "FRA-ch Women 2018"]
[Site "Nimes"]
[Date "2018.08.26"]
[Round "9"]
[White "Leconte, Maria"]
[Black "Milliet, Sophie"]
[Result "1/2-1/2"]
[ECO "B40"]
[WhiteElo "2224"]
[BlackElo "2389"]
[Annotator "NA"]
[PlyCount "95"]
[EventDate "2018.08.18"]
[EventType "tourn"]
[EventCountry "FRA"]
[SourceTitle "playchess.com"]
[Source "ChessBase"]
[SourceQuality "1"]
[TimeControl "40/5400+30:1800+30"]

1. e4 c5 2. Nf3 e6 3. c3 Nf6 4. e5 Nd5 5. d4 cxd4 6. cxd4 d6 7. Bc4 Be7 8. O-O {[%emt 0:02:31] B22: Sicilian: 2 c3} O-O 9. Qe2 b6 10. Rd1 Bb7 11. Bxd5 exd5 12. Nc3 Na6 13. Bf4 Nc7 14. exd6 Bxd6 15. Bxd6 Qxd6 16. Qe5 $146 Qd7 17. Qh5 f6 18. Re1 Rfe8 19. Rxe8+ Rxe8 20. Re1 g6 21. Qh6 Ne6 22. Qd2 Bc6 23. h3 Qd6 24. Re3 Rc8 25. Nh2 h5 26. Nf3 Be8 27. Ne2 Kg7 28. Rc3 Rxc3 29. Qxc3 Bb5 30. Qe3 Bxe2 31. Qxe2 Qc6 32. Qd2 Qc4 33. b3 Qc7 34. g3 Kf7 35. Ne1 Qe7 36. Nf3 Qc7 37. h4 Ng7 38. Ne1 Nf5 39. Nc2 Qe7 40. Ne3 Nxe3 41. fxe3 Qc7 42. Kg2 Kg7 43. Kf2 b5 44. Qb4 Qc2+ 45. Kf3 Qd1+ 46. Kf2 Qc2+ $11 47. Kf3 Qd1+ 48. Kf2 1/2-1/2

[Event "FRA-ch Women 2018"]
[Site "Nimes"]
[Date "2018.08.26"]
[Round "9"]
[White "Haussernot, Cecile"]
[Black "Bollengier, Andreea"]
[Result "1-0"]
[ECO "C15"]
[WhiteElo "2198"]
[BlackElo "2219"]
[Annotator "NA"]
[PlyCount "59"]
[EventDate "2018.08.18"]
[EventType "tourn"]
[EventCountry "FRA"]
[SourceTitle "playchess.com"]
[Source "ChessBase"]
[SourceQuality "1"]
[TimeControl "40/5400+30:1800+30"]

1. e4 e6 2. d4 d5 3. Nc3 Bb4 4. Nge2 dxe4 5. a3 Bxc3+ 6. Nxc3 Nc6 7. Bb5 Nge7 8. Bg5 f6 9. Be3 O-O 10. Qd2 f5 11. O-O-O a6 12. Bxc6 Nxc6 13. f3 exf3 14. gxf3 {[%emt 0:00:22] C15: French: 3 Nc3 Bb4: Unusual White 4th moves} e5 {[%emt 0:01:53] LiveBook: 14 Games} 15. d5 Ne7 16. f4 e4 $146 {[%emt 0:04:11] [#]} ({Predecessor:} 16... exf4 $11 {remains equal.} 17. Bxf4 Ng6 18. Bg5 Qd6 19. h4 h6 20. h5 hxg5 21. hxg6 Qxg6 {½-½ (33) Ginzburg,Y (2406)-Gorovykh,E (2447) Irkutsk 2010}) 17. h4 $1 Rf7 18. h5 h6 19. Rhg1 Kf8 20. Qg2 Ng8 21. Bc5+ Ke8 22. Qg6 b6 23. Bd4 Qd6 24. Qh7 Nf6 25. Bxf6 Qxf6 26. Rg6 Qh4 27. Qg8+ Rf8 28. Qxg7 Bd7 29. d6 c6 {[%emt 0:05:41] [#]} 30. Re6+ 1-0

[Event "FRA-ch Women 2018"]
[Site "Nimes"]
[Date "2018.08.26"]
[Round "9"]
[White "Safranska, Anda"]
[Black "Navrotescu, Andreea-Cristiana"]
[Result "0-1"]
[ECO "A06"]
[WhiteElo "2193"]
[BlackElo "2247"]
[Annotator "NA"]
[PlyCount "139"]
[EventDate "2018.08.18"]
[EventType "tourn"]
[EventCountry "FRA"]
[SourceTitle "playchess.com"]
[Source "ChessBase"]
[SourceQuality "1"]
[TimeControl "40/5400+30:1800+30"]

1. Nf3 d5 2. g3 g6 3. Bg2 Bg7 4. d3 e5 5. c4 dxc4 6. Qa4+ Nc6 7. Qxc4 Nge7 8. O-O O-O 9. Nc3 Nd4 {[%emt 0:05:50] A07: Réti Opening: New York and Capablanca Systems} 10. Nxd4 {[%emt 0:08:59] LiveBook: 4 Games} exd4 11. Ne4 h6 (11... Be6 $5 12. Qc2 b6 $11) 12. Nc5 $146 ({Predecessor:} 12. Bf4 c6 13. Qc1 g5 14. Bd2 Nd5 15. h4 f5 16. hxg5 fxe4 17. dxe4 {1-0 (45) Malakhov,V (2694)-Matlakov,M (2689) Dubai 2014}) 12... c6 $1 13. e4 b6 (13... dxe3 $5 14. Bxe3 b6 $15) 14. Nb3 Be6 15. Qc2 c5 16. Nd2 Rc8 17. b3 f5 18. exf5 Nxf5 19. Bb2 Qd7 20. Rae1 Nd6 21. Nc4 Nf7 22. a4 Rce8 23. f4 Bf5 24. Ba3 Re6 25. b4 cxb4 26. Bxb4 Rfe8 27. Rxe6 Bxe6 28. Qd1 b5 29. Na5 Rc8 30. axb5 Qxb5 31. Be1 Nd6 32. g4 Kh8 33. h3 Qb2 34. Qf3 Rc2 35. Bf2 Rc5 36. Qa8+ Nc8 (36... Bc8 $16) 37. Nc6 Kh7 38. Nd8 Bd7 39. Qb7 Qxb7 40. Nxb7 Rc3 41. Be4 Bc6 42. Bxc6 Rxc6 43. Rd1 Nb6 44. Na5 Rc3 45. Be1 Ra3 46. Kf2 Nd5 47. Nc4 Ra2+ 48. Kf3 Nc3 49. Rd2 Ra1 50. Bf2 a5 51. Rb2 Rd1 52. Nxa5 Rxd3+ 53. Kg2 Nd1 $2 (53... Nd5 $19 54. Kh2 Rf3) 54. Ra2 Rc3 55. Be1 Re3 56. Bb4 Nc3 57. Rd2 Nd5 58. Bd6 Rc3 59. h4 Ne3+ 60. Kf2 Nxg4+ 61. Kg2 Bf6 62. h5 gxh5 63. Bb4 Rc8 64. Kf3 Kg6 65. Rd3 Rc1 66. Nb3 Rf1+ 67. Kg3 Kf5 $19 68. Bd2 Rf2 69. Be1 h4+ 70. Kh3 {[%emt 0:00:09] Ke5} 0-1

[Event "FRA-ch Women 2018"]
[Site "Nimes"]
[Date "2018.08.26"]
[Round "9"]
[White "Monpeurt, Cyrielle"]
[Black "Afraoui, Anaelle"]
[Result "1/2-1/2"]
[ECO "B33"]
[WhiteElo "2175"]
[BlackElo "2041"]
[Annotator "NA"]
[PlyCount "105"]
[EventDate "2018.08.18"]
[EventType "tourn"]
[EventCountry "FRA"]
[SourceTitle "playchess.com"]
[Source "ChessBase"]
[SourceQuality "1"]
[TimeControl "40/5400+30:1800+30"]

1. e4 c5 2. Nf3 Nc6 3. d4 cxd4 4. Nxd4 Nf6 5. Nc3 e5 6. Ndb5 d6 7. Bg5 a6 8. Na3 b5 9. Nd5 Be7 10. Bxf6 Bxf6 11. c4 b4 {[%emt 0:00:21] B33: Sizilianisch (Lasker/Pelikan/Sweschnikow-Variante)} 12. Nc2 Bg5 13. g3 a5 14. h4 Bh6 15. Bh3 {[%emt 0:00:16] [#]} a4 $146 ({Vorgänger:} 15... Bb7 16. Qh5 Ne7 17. Nf6+ Kf8 18. Rd1 Ng6 19. Nd5 Ne7 20. Nf6 Ng6 {½-½ (49) Saric,I (2662)-Ivanchuk,V (2727) Mali Losinj 2017}) 16. Ncxb4 Nxb4 17. Nxb4 Bxh3 18. Rxh3 a3 19. bxa3 Rxa3 20. Rh1 Qa8 21. Qd5 O-O 22. Kf1 Qb8 23. Rb1 Rxa2 24. Qb5 Rd2 25. Nd5 Qa7 26. Qb6 Qa2 27. Kg2 Qxc4 28. Rhe1 Qc5 29. Qxc5 dxc5 30. Rbc1 Rxd5 31. exd5 Bxc1 32. Rxc1 Rc8 33. d6 f6 34. d7 Rd8 $1 35. Rxc5 Rxd7 36. Rc4 Kf7 37. Ra4 Ke6 38. Ra6+ Kf5 39. Ra4 Rb7 40. Rc4 Ra7 41. Rb4 h5 42. Rb8 Ra2 43. Rb5 Ra4 44. Rb7 g6 45. Rb8 Ra5 46. Rb7 $17 e4 47. Rb4 g5 48. hxg5 fxg5 49. Rb8 Re5 50. Kh3 Re6 51. Rh8 Kg6 52. Rg8+ Kh6 53. Rh8+ 1/2-1/2